 Dungeon Crawl Stone Soup version 0.23.1 (webtiles) character file.

Game seed: 11567522791076312326

7765 Kairos the Covert (level 11, -3/56 HPs)
             Began as a Vine Stalker Assassin on Mar 17, 2019.
             Was a Believer of Uskayaw.
             Killed from afar by Maurice (14 damage)
             ... with a wand of acid (2)
             ... on level 10 of the Dungeon.
             The game lasted 00:17:11 (8522 turns).

Kairos the Covert (Vine Stalker Assassin)           Turns: 8522, Time: 00:17:12

Health: -3/56      AC:  4    Str: 17    XL:     11   Next: 20%
Magic:  0/12       EV: 14    Int: 15    God:    Uskayaw [**....]
Gold:   411        SH: 10    Dex: 19    Spells: 10/10 levels left

rFire    + . .     SeeInvis .   a - +2 dagger
rCold    . . .     Gourm    .   m - +0 shield
rNeg     . . .     Faith    +   H - +2 leather armour {rF+}
rPois    .         Spirit   +   s - +0 helmet
rElec    .         Reflect  .   y - +1 cloak
rCorr    .         Harm     .   (no gloves)
MR       +....                  (no boots)
Stlth    ++++++....             q - amulet of faith
HPRegen  0.58/turn              l - +3 ring of strength
MPRegen  0.13/turn              A - +4 ring of intelligence

@: about to teleport, corroded
A: fangs 3, regeneration 1, magic shield, antimagic bite, no potion heal 3, rot
immunity
a: Stomp, Line Pass, Renounce Religion


You were on level 10 of the Dungeon.
You worshipped Uskayaw.
Uskayaw was noncommittal.
You were not hungry.

You visited 2 branches of the dungeon, and saw 11 of its levels.

You collected 488 gold pieces.
You spent 77 gold pieces at shops.

Inventory:

Hand Weapons
 a - a +2 dagger (weapon)
 b - a +0 blowgun
Missiles
 e - 59 poisoned needles
 f - 2 curare-tipped needles
 r - 8 needles of sleeping
 x - 5 throwing nets (quivered)
 K - 8 needles of frenzy
Armour
 d - a +0 ring mail
 i - a +2 robe of the Archmagi
 m - a +0 shield (worn)
 s - a +0 helmet (worn)
 y - a +1 cloak (worn)
 H - a +2 leather armour of fire resistance (worn)
Jewellery
 l - a +3 ring of strength (left hand)
 q - an amulet of faith (around neck)
 A - a +4 ring of intelligence (right hand)
 E - a +2 ring of intelligence
 J - an uncursed amulet of magic regeneration
Wands
 p - a wand of acid (9)
 z - a wand of clouds (7)
 F - a wand of iceblast (17)
 M - a wand of polymorph (8)
Scrolls
 h - 5 scrolls of remove curse
 j - 2 scrolls of enchant armour
 k - 2 scrolls of teleportation
 n - a scroll of amnesia {unknown}
 t - a scroll of random uselessness {unknown}
 u - 2 scrolls of blinking {unknown}
 v - 2 scrolls of magic mapping {unknown}
 w - 2 scrolls of fog
 B - a scroll of fear {unknown}
 G - a scroll of identify
Potions
 c - 2 potions of brilliance
 o - 2 potions of curing
 C - a potion of agility
 D - a potion of haste
 L - 2 potions of resistance {unknown}
Comestibles
 g - 21 rations


   Skills:
 + Level 5.3 Fighting
 + Level 7.8 Short Blades
 + Level 1.8 Throwing
 + Level 5.3 Dodging
 + Level 13.7 Stealth
 + Level 5.7 Shields
 + Level 0.1 Evocations


You had 10 spell levels left.
You didn't know any spells.
Your spell library was empty.

Dungeon Overview and Level Annotations

Branches:
Dungeon (10/15)            Temple (1/1) D:4             Orc (0/2) D:10
   Lair: D:8-11

Altars:
Ashenzari
Cheibriados
Dithmenos
Elyvilon
Fedhas
Gozag
Hepliaklqana
Kikubaaqudgha
Makhleb
Nemelex Xobeh
Okawaru
Qazlal
Ru
Sif Muna
Trog
Uskayaw
Vehumet
Wu Jian
Xom
Yredelemnul
Zin
The Shining One

Shops:
D:6 ?

Annotations:
D:10 Maurice


Innate Abilities, Weirdness & Mutations

You have razor-sharp teeth.
Your natural rate of healing is unusually fast.
When hurt, damage is shared between your health and your magic reserves.
Your bite disrupts and absorbs the magic of your enemies.
Potions cannot restore your health.
You are immune to rotting.


Message History

You are too injured to fight recklessly!
You are too injured to fight recklessly!
You are too injured to fight recklessly!
You are too injured to fight recklessly!
You are too injured to fight recklessly!
You are too injured to fight recklessly!
You are too injured to fight recklessly!
You are too injured to fight recklessly!
You are too injured to fight recklessly!
You hit Maurice. Your bite misses Maurice.
Maurice is heavily wounded.
Maurice zaps a wand.
The bolt of acid misses you. The ice beast hits you. The ice beast freezes you!
* * * LOW HITPOINT WARNING * * *
Unknown command.
As you read the scroll of teleportation, it crumbles to dust.
You feel strangely unstable. You block Maurice's attack.
The ice beast completely misses you.
Maurice zaps a wand.
The bolt of acid hits you!
You die...

## ..≈≈###≈# ≈≈# ≈ #.......≈
..# .≈ ##.......### ..#
≈..#........... ..#
≈...#...... ..# ....... ##' .
#.@Y# ... #..# ##.# #@#####
...# #.....# .# #.....#
.######## #####.....# #
.##.....# #.........# ...
........#####........##.(.
..............###....≈...♣.
..........###.# #....≈≈≈≈≈..
.#......#..##.####....#≈≈≈...≈


You could see Maurice and an ice beast.

Vanquished Creatures
  A hydra (D:8)
  A two-headed ogre (D:8)
  Joseph (D:7)
  Grinder (D:5)
  Prince Ribbit (D:5)
  2 dream sheep (D:8)
  7 yaks (D:8)
  Sigmund (D:2)
  Menkaure (D:4)
  3 orc warriors
  5 ice beasts
  A sky beast (D:9)
  6 ogres
  A phantom (D:8)
  2 centaurs
  6 big kobolds
  A crocodile (D:9)
  A gnoll sergeant (D:7)
  4 bullfrogs
  3 killer bees (D:9)
  4 scorpions
  An electric eel (D:8)
  3 crimson imps
  5 hounds
  A centaur zombie (D:7)
  A centaur skeleton (D:8)
  4 orc priests
  2 jellies
  8 orc wizards
  An iguana (D:8)
  6 worker ants
  A hound zombie (D:6)
  A hound skeleton (D:4)
  2 worker ant zombies
  15 gnolls
  A howler monkey skeleton (D:7)
  8 adders
  2 shadow imps
  6 worms
  2 dart slugs (D:1)
  4 leopard geckos
  34 orcs
  8 bats
  6 giant cockroaches
  7 hobgoblins
  7 jackals
  16 kobolds
  3 quokkas
  A ball python (D:2)
  A ball python zombie (D:5)
  6 frilled lizards
  A giant cockroach zombie (D:5)
  3 goblins (D:1)
  A leopard gecko skeleton (D:3)
  A leopard gecko zombie (D:5)
  A quokka zombie (D:7)
  12 rats
  A spectral orc (D:5)
236 creatures vanquished.

Vanquished Creatures (others)
  A leopard gecko (D:2)
1 creature vanquished.

Grand Total: 237 creatures vanquished

Notes
Turn   | Place    | Note
-------+----------+-------------------------------------------
     0 | D:1      | Kairos the Vine Stalker Assassin began the quest for the
                  | Orb.
     0 | D:1      | Reached XP level 1. HP: 11/11 MP: 2/2
   127 | D:1      | Reached skill level 5 in Stealth
   222 | D:1      | Reached XP level 2. HP: 13/15 MP: 3/3
   794 | D:2      | Reached XP level 3. HP: 6/18 MP: 4/4
  1008 | D:2      | Noticed Sigmund
  1027 | D:2      | Killed Sigmund
  1027 | D:2      | Reached skill level 1 in Dodging
  1027 | D:2      | Reached skill level 7 in Stealth
  1027 | D:2      | Gained mutation: Your natural rate of healing is unusually
                  | fast. [Vine Stalker growth]
  1027 | D:2      | Reached XP level 4. HP: 23/23 MP: 5/5
  1027 | D:2      | Reached XP level 5. HP: 26/26 MP: 6/6
  1519 | D:2      | Noticed a moth of wrath
  1521 | D:2      | Found a bloodstained altar of Trog.
  1805 | D:3      | Reached XP level 6. HP: 24/30 MP: 4/7
  2338 | D:4      | Noticed Menkaure
  2378 | D:4      | Found an ancient bone altar of Kikubaaqudgha.
  2458 | D:4      | Killed Menkaure
  2458 | D:4      | Reached skill level 8 in Stealth
  2458 | D:4      | Reached skill level 1 in Shields
  2652 | D:4      | Found an opulent altar of Gozag.
  2696 | D:4      | Reached XP level 7. HP: 29/35 MP: 6/8
  2706 | D:4      | Found a shadowy altar of Dithmenos.
  2733 | D:4      | Found a hazy altar of Hepliaklqana.
  2847 | D:4      | Found a staircase to the Ecumenical Temple.
  2855 | Temple   | Entered the Ecumenical Temple
  2963 | Temple   | Became a worshipper of Uskayaw the Reveler
  3161 | D:4      | Reached * piety under Uskayaw
  3409 | D:4      | Reached ** piety under Uskayaw
  3511 | D:5      | Entered Level 5 of the Dungeon
  3535 | D:5      | Noticed Grinder
  3559 | D:5      | Found a deep blue altar of Sif Muna.
  3565 | D:5      | Reached *** piety under Uskayaw
  3566 | D:5      | Killed Grinder
  3566 | D:5      | Reached skill level 9 in Stealth
  3566 | D:5      | Reached **** piety under Uskayaw
  3819 | D:5      | Gained mutation: You have razor-sharp teeth. [Vine Stalker
                  | growth]
  3819 | D:5      | Reached XP level 8. HP: 40/40 MP: 9/9
  4017 | D:5      | Found a sparkling altar of Nemelex Xobeh.
  4058 | D:5      | Reached ***** piety under Uskayaw
  4084 | D:5      | Found a basalt altar of Yredelemnul.
  4179 | D:5      | Noticed Prince Ribbit
  4185 | D:5      | Killed Prince Ribbit
  4185 | D:5      | Reached skill level 10 in Stealth
  4580 | D:6      | Reached skill level 5 in Short Blades
  4981 | D:6      | Reached XP level 9. HP: 27/44 MP: 10/10
  5320 | D:6      | Found Plog's Magic Scroll Shop.
  5325 | D:6      | Bought a scroll of identify for 22 gold pieces
  5325 | D:6      | Bought a scroll of fog for 22 gold pieces
  5366 | D:6      | Bought a scroll of teleportation for 33 gold pieces
  5440 | D:7      | Reached skill level 11 in Stealth
  5706 | D:7      | Noticed Joseph
  5716 | D:7      | Killed Joseph
  5976 | D:7      | Reached skill level 12 in Stealth
  6247 | D:7      | Reached XP level 10. HP: 51/51 MP: 11/11
  6477 | D:8      | Found a sparkling altar of Nemelex Xobeh.
  6599 | D:8      | Reached ****** piety under Uskayaw
  6818 | D:8      | Noticed a two-headed ogre
  6827 | D:8      | Killed a two-headed ogre
  6827 | D:8      | Reached skill level 13 in Stealth
  6837 | D:8      | Reached skill level 5 in Shields
  7135 | D:8      | Reached skill level 5 in Dodging
  7205 | D:8      | Noticed a three-headed hydra
  7214 | D:8      | Killed a three-headed hydra
  7214 | D:8      | Reached skill level 5 in Fighting
  7214 | D:8      | Reached XP level 11. HP: 29/55 MP: 8/12
  7312 | D:8      | Found a glowing golden altar of the Shining One.
  7426 | D:9      | Found a snail-covered altar of Cheibriados.
  7440 | D:9      | Found a glowing silver altar of Zin.
  7465 | D:9      | Found a sparkling altar of Nemelex Xobeh.
  7659 | D:9      | Found a sacrificial altar of Ru.
  7659 | D:9      | Found a shimmering altar of Xom.
  7660 | D:9      | Found an iron altar of Okawaru.
  8046 | D:10     | Entered Level 10 of the Dungeon
  8046 | D:10     | Found a staircase to the Orcish Mines.
  8361 | D:10     | Found an ornate altar of the Wu Jian Council.
  8502 | D:10     | Noticed Maurice
  8522 | D:10     | Killed from afar by Maurice

Skill      XL: |  1  2  3  4  5  6  7  8  9 10 |
---------------+-------------------------------+-----
Stealth        | 5 7 8 9 10 12 13 | 13.7
Fighting       | 2 3 4 5 |  5.3
Short Blades   | 2 3 4 5 6 7 |  7.8
Dodging        | 1 2 3 5 |  5.3
Shields        | 1 2 4 5 |  5.7
Throwing       | |  1.8
Evocations     | |  0.1

Action                   |  1- 3 |  4- 6 |  7- 9 | 10-12 || total
-------------------------+-------+-------+-------+-------++-------
Melee: Dagger            |    42 |   148 |   374 |   401 ||   965
       Bite              |    10 |    54 |   135 |   164 ||   363
Evoke: Wand              |       |       |       |     1 ||     1
  Use: Scroll            |     1 |     1 |     2 |     4 ||     8
       Potion            |     1 |       |       |     2 ||     3
 Stab: Sleeping          |     9 |    12 |    25 |    11 ||    57
       Paralysed         |       |       |    16 |    16 ||    32
       Distracted        |       |       |     2 |     1 ||     3
  Eat: Chunk             |       |     5 |     8 |     4 ||    17
       Ration            |       |       |     1 |     2 ||     3
Armor: Robe              |    10 |    40 |    54 |    32 ||   136
       Skin              |       |       |       |     4 ||     4
       Leather armour    |       |       |       |     3 ||     3
Dodge: Dodged            |    17 |    49 |    94 |   106 ||   266
Block: Shield            |       |    50 |   107 |   119 ||   276
